 Dungeon Crawl Stone Soup version 0.29-a0-72-g1732ff48e7 (webtiles) character file.

Game seed: 9528117323444153148

44 HallandMoats the Skirmisher (level 3, 0/20 HPs)
             Began as a Vine Stalker Fighter on Feb 3, 2022.
             Was a Follower of Kikubaaqudgha.
             Succumbed to a goblin's poison
             ... on level 2 of the Dungeon.
             The game lasted 00:01:25 (783 turns).

HallandMoats the Skirmisher (Vine Stalker Fighter)   Turns: 783, Time: 00:01:26

Health: 0/20       AC:  9    Str: 20    XL:     3   Next: 60%
Magic:  1/4        EV:  9    Int:  8    God:    Kikubaaqudgha [*.....]
Gold:   59         SH:  4    Dex: 13    Spells: 2/2 levels left

rFire   . . .      SeeInvis .   a - +0 trident
rCold   . . .      Faith    .   c - +0 buckler
rNeg    . . .      Spirit   +   m - +3 scale mail
rPois   .          Reflect  .   (no helmet)
rElec   .          Harm     .   (no cloak)
rCorr   .          Rampage  .   (no gloves)
Will    .....                   (no boots)
Stlth   +.........              (no amulet)
HPRegen 0.06/turn               (no ring)
MPRegen 0.09/turn               (no ring)

@: mighty, lethally poisoned (0 -> -13)
A: fangs 2, magic shield, antimagic bite, no potion heal 2, camouflage 1,
inability to read while threatened
a: Renounce Religion, Receive Corpses


You were on level 2 of the Dungeon.
You worshipped Kikubaaqudgha.
Kikubaaqudgha was aware of your devotion.
You visited 1 branch of the dungeon, and saw 2 of its levels.

You collected 59 gold pieces.

Inventory:

Hand Weapons
 a - a +0 trident (weapon)
Armour
 c - a +0 buckler (worn)
 m - a +3 scale mail (worn)
Scrolls
 b - a scroll of torment {unknown}
 f - a scroll of identify {unknown}
 g - a scroll of acquirement {unknown}
 i - a scroll of teleportation {unknown}
 l - a scroll of enchant armour {unknown}
Potions
 h - a potion of degeneration {unknown}
 j - a potion of haste {unknown}
 k - a potion of heal wounds {unknown}
 n - a potion of brilliance {unknown}


   Skills:
 * Level 3.1 Fighting
 * Level 2.2 Polearms
 + Level 2.6 Armour
 + Level 0.4 Dodging
 + Level 2.8 Shields
 * Level 1.1 Invocations


You had 2 spell levels left.
You didn't know any spells.
Your spell library contained the following spells:

 Spells                   Type           Power      Damage    Failure   Level
 Animate Skeleton         Necr           0%         N/A       86%         1
 Corpse Rot               Necr/Air       0%         N/A       94%         2
 Vampiric Draining        Necr           0%         2d6       99%         3
 Agony                    Necr           0%         N/A       100%        5


Dungeon Overview and Level Annotations

Branches:
Dungeon (2/15)

Altars:
Kikubaaqudgha

Annotations:
D:2 Robin


Innate Abilities, Weirdness & Mutations

You have extremely sharp teeth.
When hurt, damage is shared between your health and your magic reserves.
Your bite disrupts and absorbs the magic of your enemies.
Potions cannot restore your health.
Your skin changes colour to match your surroundings (Stealth+).
You sometimes lose the ability to read scrolls when taking damage.


Message History

The goblin barely misses you. The adder bites you but does no damage.
The goblin closely misses you.
You puncture the adder! Your bite misses the adder.
The adder is severely wounded.
You feel sick. Robin throws the goblin at you! You block the goblin's attack.
The adder bites you but does no damage. The goblin misses you.
The goblin hits you with a +0 club. The goblin barely misses you.
Robin throws the goblin at you! The goblin barely misses you.
You miss the adder.
The adder is severely wounded.
You feel sick. The adder bites you but does no damage.
You block the goblin's attack. The goblin barely misses you.
The goblin hits you but does no damage. The goblin hits you with a +0 dagger.
The goblin barely misses you. You block the adder's attack.
You hit the adder.
You kill the adder!
Kikubaaqudgha accepts your kill.
You feel sick. The goblin hits you with a +0 dagger.
The goblin hits you but does no damage. The goblin misses you.
The goblin hits you with a +0 dagger. The goblin hits you but does no damage.
The goblin hits you with a +1 dagger of venom.
* * * LOW HITPOINT WARNING * * *
You are lethally poisoned!
You are too injured to fight recklessly!
You are too injured to fight recklessly!
You are too injured to fight recklessly!
You are too injured to fight recklessly!
You are too injured to fight recklessly!
You are too injured to fight recklessly!
You feel very mighty all of a sudden.
* * * LOW HITPOINT WARNING * * *
You feel very sick. The goblin hits you but does no damage.
The goblin closely misses you. You block the goblin's attack.
The goblin hits you but does no damage. The goblin misses you.
The goblin hits you but does no damage.
It was a potion of mutation.
You feel extremely strange.
You lose the ability to read scrolls when threatened.
Your skin functions as natural camouflage.
You die...
Kikubaaqudgha rasps: "You have failed me!
Welcome... death!"

#.......#.#.....
##.......#....)..
#........##.....[
#.........#....†.
#.......#.#..###'
#.......#..#.....
#.......##.#.)...
########g.!....##.<.....
.|..rgg@g......###......
....ggggg......# #......
.....ggg....#### ##..###
.....gg.....# #..#
............# ##+#
............#
......######. ..#### ..


You could see Robin, a hobgoblin (strong), 12 goblins and a rat.

Vanquished Creatures
  2 adders (D:2)
  A dart slug (D:2)
  4 ball pythons (D:1)
  2 bats (D:1)
  An endoplasm (D:1)
  A giant cockroach (D:1)
  A goblin (D:2)
  5 hobgoblins
  3 frilled lizards (D:1)
  A kobold (D:2)
  3 rats
24 creatures vanquished.

Notes
Turn   | Place    | Note
-------+----------+-------------------------------------------
     0 | D:1      | HallandMoats the Vine Stalker Fighter began the quest for
                  | the Orb.
     0 | D:1      | Reached XP level 1. HP: 11/11 MP: 2/2
   233 | D:1      | Found a faded altar of an unknown god.
   236 | D:1      | Reached XP level 2. HP: 16/16 MP: 3/3
   240 | D:1      | Prayed at the altar of an unknown god.
   240 | D:1      | Became a worshipper of Kikubaaqudgha
   240 | D:1      | Reached * piety under Kikubaaqudgha
   240 | D:1      | Received a gift from Kikubaaqudgha
   716 | D:2      | Reached skill level 3 in Fighting
   716 | D:2      | Reached skill level 1 in Invocations
   716 | D:2      | Reached XP level 3. HP: 19/20 MP: 2/4
   775 | D:2      | Noticed Robin
   783 | D:2      | Gained mutation: You sometimes lose the ability to read
                  | scrolls when taking damage. [potion of mutation]
   783 | D:2      | Gained mutation: Your skin changes colour to match your
                  | surroundings (Stealth+). [potion of mutation]
   783 | D:2      | Succumbed to a goblin's poison

Illustrated notes

Levels and vault maps discovered:
D:1:      eino_arrival_tree_alley, layout_rooms,
          nicolae_ecumenical_snake_handling
D:2:      layout_basic, uniq_robin

Skill      XL: |  1  2 |
---------------+-------+-----
Polearms       | 2 |  2.2
Fighting       | 3 |  3.1
Invocations    | 1 |  1.1
Armour         | |  2.6
Dodging        | |  0.4
Shields        | |  2.8

Action                   || total
-------------------------++-------
Melee: Trident           ||    76
       Bite              ||     6
  Use: Potion            ||     2
Armor: Scale mail        ||    43
Dodge: Dodged            ||    49
Block: Buckler           ||    24

Table legend: (Time is in decaauts)
 A = Elapsed time spent in this place.
 B = Non-inter-level travel time spent in this place.
 C = Inter-level travel time spent in this place.
 D = Time resting spent in this place.
 E = Time spent auto-exploring this place.
 F = Levels seen in this place.
 G = Mean time per level.
                   A        B        C        D        E       F      G
               +--------+--------+--------+--------+--------+-----+--------+
         Total |    801 |    747 |     54 |      0 |    513 |   2 |  400.5 |
       Dungeon |    801 |    747 |     54 |      0 |    513 |   2 |  400.5 |
               +--------+--------+--------+--------+--------+-----+--------+

Top non-repeatable levels by time:
     D:1: 678 daAuts
     D:2: 123 daAuts
